 Dungeon Sprint DCSS version 0.31-a0-920-g28cbb04a8c (webtiles) character file.

Game seed: 16108265209265916713

6185 sircluck the Brawler (level 10, -7/118 HPs)
             Began as a Troll Berserker on Oct 17, 2023.
             Was a High Priest of Trog.
             Mangled by a vampire knight
             ... wielding a +0 great mace
              (26 damage)
             ... in the Dungeon (Sprint VII: "The Pits").
             The game lasted 00:02:00 (670 turns).

sircluck the Brawler (Troll Berserker)               Turns: 670, Time: 00:02:00

Health: -7/118     AC:  4    Str: 31    XL:     10   Next: 60%
Magic:  9/9        EV: 14    Int:  3    God:    Trog [*****.]
Gold:   0          SH:  0    Dex: 12    Spells: 9/9 levels left

rFire   . .          .
                       - Unarmed
rCold   x . .        (no shield)
rNeg    . . .        a - +0 animal skin
rPois   .            (helmet restricted)
rElec   .            (no cloak)
rCorr   .            (gloves unavailable)
SInv    .            (boots unavailable)
Will    .....        (no amulet)
Stlth   +            l - +3 ring of dexterity
HPRegen 1.19/turn    (no ring)
MPRegen 0.11/turn

%: no teleportation
@: on berserk cooldown, slowed, very slow
A: large, unfitting armour, claws 3, regeneration 1, shaggy fur 1, tough skin 1,
antennae 1, talons 1, wild magic 1, cold vulnerability 1, inability to drink
after injury 1
a: Renounce Religion, Berserk, Trog's Hand, Brothers in Arms


You were in the Dungeon.
You worshipped Trog.
Trog was extremely pleased with you.
You visited 1 branch

Inventory:

Missiles
 m - 3 throwing nets
Armour
 a - a +0 animal skin (worn)
Jewellery
 k - a +3 ring of intelligence
 l - a +3 ring of dexterity (left claw)
Scrolls
 g - a scroll of blinking
 i - 2 scrolls of vulnerability
 j - a scroll of butterflies
Potions
 b - 7 potions of curing
 c - 7 potions of heal wounds
 d - 2 potions of haste
 e - 4 potions of magic
 f - 3 potions of berserk rage
 h - 2 potions of invisibility
 n - 3 potions of might
 o - a potion of resistance


   Skills:
 + Level 12.9 Fighting
 + Level 12.8 Dodging
 + Level 15.0 Unarmed Combat


You had 9 spell levels left.
You didn't know any spells.
Your spell library was empty.

Dungeon Overview and Level Annotations

Branches:
Dungeon (1/1)

Altars:
Ashenzari
Cheibriados
Dithmenos
Elyvilon
Fedhas
Gozag
Hepliaklqana
Kikubaaqudgha
Makhleb
Nemelex Xobeh
Okawaru
Qazlal
Ru
Sif Muna
Trog
Uskayaw
Vehumet
Wu Jian
Xom
Yredelemnul
Zin
The Shining One
Jiyva
Lugonu


Innate Abilities, Weirdness & Mutations

You are too large for most types of armour.
You have claws for hands.
Your natural rate of healing is unusually fast.
You are covered in fur. (AC +1)
You have tough skin. (AC +1)
You have a pair of small antennae on your head.
You have sharp toenails.
Your spells are a little harder to cast, but a little more powerful.
You are vulnerable to cold. (rC-)
You occasionally lose the ability to drink potions when taking damage.


Message History

The vampire knight shouts!
The basilisk barely misses you.
The vampire knight gestures wildly while chanting.
The vampire knight flickers and vanishes!
Deactivating autopickup; reactivate with Ctrl-A.
There is an open door here.
You closely miss the basilisk. You claw the basilisk.
The basilisk is lightly wounded.
The basilisk bites you! Something hits you! Something bites you!
Something draws strength from your injuries!
You eviscerate the basilisk!!!
You kill the basilisk!
Trog accepts your kill.
You mangle the smoke demon!!
The smoke demon is severely wounded.
You claw the smoke demon! Your kick misses the smoke demon.
The smoke demon is almost dead.
Something hits you!! Something bites you!
Something draws strength from your injuries!
The smoke demon hits you but does no damage.
The smoke demon hits you. The smoke demon misses you.
You are too injured to fight recklessly!
You are too injured to fight recklessly!
You are too injured to fight recklessly!
You are too injured to fight recklessly!
You are too injured to fight recklessly!
You are too injured to fight recklessly!
You are too injured to fight recklessly!
You are too injured to fight recklessly!
You are too injured to fight recklessly!
You are no longer berserk.
You are exhausted.
You feel yourself slow down. Something hits you!!
* * * LOW HITPOINT WARNING * * *
Something bites you.
* * * LOW HITPOINT WARNING * * *
Something draws strength from your injuries!
Unknown command.
You completely miss something. Your kick misses something. Something hits you!!
You die...

#####''######
...##''################
...##..#..............#
...##..##..............
...##..####...#'######.
...##..#..#####.##...#
...##..#....##...#...#
...##..'†....#..)#...#
#####..'.....)..@{3!.+
#####..'.....#...#...#
.[[##..#....##...#...#
.[[##..#..#####.##...#
.))##..#### #+# ####
.))##..# .))##..#
########


You could see a smoke demon.

Vanquished Creatures
  A boulder beetle (D)
  4 hell hogs (D)
  A sea snake (D)
  A manticore (D)
  A komodo dragon (D)
  A wyvern (D)
  A basilisk (D)
  A warg (D)
  A floating eye (D)
  A small abomination (D)
  An ogre (D)
  3 phantoms (D)
  A scorpion (D)
  2 jellies (D)
  An iron imp (D)
  2 iguanas (D)
  2 gnolls (D)
  A river rat (D)
  2 ufetubi (D)
  A goblin (D)
  4 jackals (D)
  A quokka (D)
  2 frilled lizards (D)
36 creatures vanquished.

Vanquished Creatures (collateral kills)
  Harold (D)
  A hellwing (D)
  A fire bat (D)
  An acid dragon (D)
4 creatures vanquished.

Grand Total: 40 creatures vanquished

Notes
Turn   | Place    | Note
-------+----------+-------------------------------------------
     0 | D        | sircluck the Troll Berserker began the quest for the Orb.
     0 | D        | Reached XP level 1. HP: 22/22 MP: 0/0
    11 | D        | Noticed a floating eye
    14 | D        | Paralysed by a floating eye for 3 turns
    18 | D        | Killed a floating eye
    19 | D        | Reached skill level 5 in Unarmed Combat
    19 | D        | Reached XP level 2. HP: 33/33 MP: 1/1
    19 | D        | Reached XP level 3. HP: 41/41 MP: 2/2
    19 | D        | Reached XP level 4. HP: 49/49 MP: 3/3
    23 | D        | Found a bloodstained altar of Trog.
    23 | D        | Found a shimmering blue altar of Sif Muna.
    23 | D        | Found a viscous altar of Jiyva.
    23 | D        | Found a hazy altar of Hepliaklqana.
    23 | D        | Found an opulent altar of Gozag.
    24 | D        | Found a glowing golden altar of the Shining One.
    24 | D        | Found a glowing silver altar of Zin.
    24 | D        | Found a basalt altar of Yredelemnul.
    24 | D        | Found a shimmering altar of Xom.
    24 | D        | Found an ornate altar of the Wu Jian Council.
    24 | D        | Found a sacrificial altar of Ru.
    24 | D        | Found a stormy altar of Qazlal.
    24 | D        | Found an iron altar of Okawaru.
    24 | D        | Found a sparkling altar of Nemelex Xobeh.
    24 | D        | Found a burning altar of Makhleb.
    24 | D        | Found a blossoming altar of Fedhas.
    24 | D        | Found a white marble altar of Elyvilon.
    24 | D        | Found a shadowy altar of Dithmenos.
    24 | D        | Found a snail-covered altar of Cheibriados.
    28 | D        | Found a corrupted altar of Lugonu.
    28 | D        | Found a radiant altar of Vehumet.
    29 | D        | Found a broken altar of Ashenzari.
    29 | D        | Found an ancient bone altar of Kikubaaqudgha.
    29 | D        | Found a hide-covered altar of Uskayaw.
    70 | D        | Reached ** piety under Trog
    71 | D        | Reached skill level 5 in Fighting
    71 | D        | Reached skill level 5 in Dodging
    71 | D        | Reached skill level 6 in Unarmed Combat
    75 | D        | Noticed a scorpion
    82 | D        | Killed a scorpion
    83 | D        | Reached XP level 5. HP: 42/59 MP: 4/4
   102 | D        | Noticed a phantom
   108 | D        | Reached *** piety under Trog
   109 | D        | Reached skill level 7 in Unarmed Combat
   112 | D        | Killed a phantom
   180 | D        | Reached **** piety under Trog
   189 | D        | Reached skill level 8 in Unarmed Combat
   189 | D        | Reached XP level 6. HP: 68/68 MP: 5/5
   197 | D        | Reached ***** piety under Trog
   214 | D        | Received a gift from Trog
   217 | D        | Noticed a wyvern
   224 | D        | Killed a wyvern
   225 | D        | Reached skill level 9 in Unarmed Combat
   225 | D        | Reached XP level 7. HP: 34/80 MP: 6/6
   280 | D        | Reached skill level 10 in Unarmed Combat
   313 | D        | Noticed a manticore
   324 | D        | Killed a manticore
   325 | D        | Reached skill level 11 in Unarmed Combat
   325 | D        | Reached XP level 8. HP: 92/92 MP: 7/7
   333 | D        | Received a gift from Trog
   404 | D        | Gained mutation: Your muscles are strong. (Str +4, Int/Dex
                  | -1) [potion of mutation]
   404 | D        | Gained mutation: You are vulnerable to cold. (rC-) [potion
                  | of mutation]
   404 | D        | Gained mutation: You are clumsy. (Dex -2) [potion of
                  | mutation]
   404 | D        | Gained mutation: Your spells are a little harder to cast,
                  | but a little more powerful. [potion of mutation]
   405 | D        | Lost mutation: Your muscles are strong. (Str +4, Int/Dex
                  | -1) [potion of mutation]
   405 | D        | Lost mutation: You are clumsy. (Dex -2) [potion of
                  | mutation]
   405 | D        | Gained mutation: You occasionally lose the ability to drink
                  | potions when taking damage. [potion of mutation]
   405 | D        | Gained mutation: You have a pair of small antennae on your
                  | head. [potion of mutation]
   405 | D        | Gained mutation: You have sharp toenails. [potion of
                  | mutation]
   472 | D        | Noticed a boulder beetle
   472 | D        | Noticed a komodo dragon
   488 | D        | Killed a komodo dragon
   489 | D        | Reached skill level 10 in Fighting
   490 | D        | Killed a boulder beetle
   491 | D        | Reached skill level 10 in Dodging
   491 | D        | Reached skill level 12 in Unarmed Combat
   491 | D        | Reached XP level 9. HP: 23/102 MP: 8/8
   556 | D        | Noticed a sea snake
   557 | D        | Noticed a hellwing
   564 | D        | Killed a sea snake
   564 | D        | Noticed Harold
   565 | D        | Reached skill level 13 in Unarmed Combat
   570 | D        | HP: 3/105 [hellwing (8)]
   573 | D        | Killed a hellwing
   578 | D        | Killed Harold
   653 | D        | Noticed a hell hog
   653 | D        | Noticed a hell hog
   653 | D        | Noticed a hell hog
   653 | D        | Noticed a hell hog
   656 | D        | Killed a hell hog
   656 | D        | Noticed a smoke demon
   657 | D        | Reached skill level 14 in Unarmed Combat
   657 | D        | Reached XP level 10. HP: 115/115 MP: 9/9
   659 | D        | Killed a hell hog
   659 | D        | Received a gift from Trog
   661 | D        | Killed a hell hog
   663 | D        | Killed a hell hog
   664 | D        | Reached skill level 15 in Unarmed Combat
   664 | D        | Noticed a vampire knight
   670 | D        | Mangled by a vampire knight

Illustrated notes

Levels and vault maps discovered:
D:        pitsprint [storerooms_1, entrance_room_1, metal_vault_1, armoury_1,
          mini_pit_1, grid_room_1, main_hall_1, silver_pit, the_coven_1,
          the_vestibule_1, steel_vault_3, golden_pit, hallway_of_sentries,
          crystal_vault_1, iron_vault_2, final_vault]

Skill      XL: |  1  2  3  4  5  6  7  8  9 10 |
---------------+-------------------------------+-----
Fighting       | 4 5 6 8 9 10 12 | 12.9
Dodging        | 4 5 6 7 9 10 12 | 12.8
Unarmed Combat | 5 6 8 9 11 12 14 15 | 15.0

Action                     |  1- 3 |  4- 6 |  7- 9 | 10-12 || total
---------------------------+-------+-------+-------+-------++-------
  Melee: Unarmed           |     3 |    49 |    49 |    12 ||   113
         Punch             |       |     1 |     5 |       ||     6
         Kick              |       |       |     7 |     2 ||     9
 Invoke: Berserk           |       |       |     3 |       ||     3
         Brothers in Arms  |       |       |     1 |       ||     1
    Use: Potion            |       |       |     3 |       ||     3
 Armour: Animal skin       |       |    27 |    28 |    13 ||    68
  Dodge: Dodged            |       |    30 |    31 |     2 ||    63

Table legend: (Time is in decaauts)
 A = Elapsed time spent in this place.
 B = Non-inter-level travel time spent in this place.
 C = Inter-level travel time spent in this place.
 D = Time resting spent in this place.
 E = Time spent auto-exploring this place.
 F = Levels seen in this place.
 G = Mean time per level.
                   A        B        C        D        E       F      G
               +--------+--------+--------+--------+--------+-----+--------+
         Total |    666 |    666 |      0 |    219 |    194 |   1 |  666.0 |
       Dungeon |    666 |    666 |      0 |    219 |    194 |   1 |  666.0 |
               +--------+--------+--------+--------+--------+-----+--------+

Top non-repeatable levels by time:
       D: 666 daAuts
